cohdb
Replays
Latest Replays
All Replays
Popular Replays
Top Player Replays
Match Explorer
How It Works
Community
CoH3 Stats
Reddit
Sign in to upload your games and track your stats! →
Sign in with Steam
Match 45234913
Unlisted
Match 45234913
Overview
Messages
Build Orders
End
Construct Section Command Post
Infantry Section
Infantry Section
Vickers Machine Gun Team
Construct Platoon Command Post
6-pounder Anti-tank Gun Team
CMP 15cwt Truck
Selects Air and Sea Battlegroup
Selects Commando Section Paradrop
Commando Section Paradrop
Infantry Training
Commando Section Paradrop
Selects Commando Support Section Paradrop
Commando Support Section Paradrop
Construct Company Command Post
Matilda II Heavy Tank
Selects Incendiary Bombing Run
Incendiary Bombing Run
Crusader II Medium Tank
Royal Engineer Section
Royal Engineer Section
CMP 15cwt Truck
Selects Naval Blockade
Matilda II Heavy Tank
Selects UNKNOWN (223837)
Selects Naval Bombardment
Foot Guards Section
Naval Bombardment
Matilda II Heavy Tank
Foot Guards Section
BaronVonKieselberg
youngmen
鲱鱼兔子
Noch
Toasty McToastFace
Thunderhill
mentoss
simiver
0
0
Comments
sign in to comment!
No comments posted yet!